 Dungeon Crawl Stone Soup version 0.25-a0-578-gc91f01c39c (webtiles) character file.

Game seed: 2294883903513812453, levelgen mode: deterministic

207 Conn the Cudgeler (level 5, 0/35 HPs)
             Began as an Octopode Wizard on Mar 3, 2020.
             Slain by a sky beast (6 damage)
             ... on level 4 of the Dungeon.
             The game lasted 00:08:59 (3057 turns).

Conn the Cudgeler (Octopode Wizard)                 Turns: 3057, Time: 00:08:59

Health: 0/35       AC:  1    Str:  7    XL:     5   Next: 85%
Magic:  9/9        EV: 19    Int: 21    God:
Gold:   241        SH:  4    Dex: 10    Spells: 2/10 levels left

rFire    x . .     SeeInvis .   k - +2 mace (vorpal)
rCold    + . .     Gourm    .   b - +0 buckler
rNeg     . . .     Faith    .   a - +0 hat
rPois    .         Spirit   .   (no amulet)
rElec    .         Reflect  .   l - +6 ring of evasion
rCorr    .         Harm     .   m - ring of ice
MR       .....                  (no ring)
Stlth    +++.......             (no ring)
HPRegen  0.11/turn              (no ring)
MPRegen  0.11/turn              (no ring)
                                (no ring)
                                (no ring)

@: no status effects
A: almost no armour, stealthy swim, amphibious, 8 rings, constrict 8, camouflage
1, gelatinous body 1
a: no special abilities


You were on level 4 of the Dungeon.
You were near starving.

You visited 1 branch of the dungeon, and saw 4 of its levels.

You collected 241 gold pieces.

Inventory:

Hand Weapons
 k - a +2 vorpal mace (weapon)
 x - a +0 short sword
Missiles
 e - 92 stones
 h - 59 poisoned darts
 n - 3 datura-tipped darts (quivered)
 p - 12 arrows
 t - 12 sling bullets
Armour
 a - a +0 hat (worn)
 b - a +0 buckler (worn)
Jewellery
 l - a +6 ring of evasion (left tentacle)
 m - a ring of ice (right tentacle)
Wands
 u - a wand of digging (7)
Scrolls
 g - 3 scrolls of identify {unknown}
 j - 7 scrolls of teleportation {unknown}
 q - a scroll of blinking {unknown}
 r - a scroll of remove curse {unknown}
 s - a scroll of enchant weapon {unknown}
 w - a scroll of immolation {unknown}
 y - a scroll of enchant armour {unknown}
Potions
 d - a potion of lignification {unknown}
 f - 2 potions of berserk rage {unknown}
 i - a potion of curing {unknown}
 o - a potion of might {unknown}
 v - a potion of degeneration {unknown}
Comestibles
 c - 9 rations


   Skills:
 * Level 2.3 Fighting
 * Level 3.7 Maces & Flails
   Level 1.0 Polearms
 - Level 2.0 Dodging
 - Level 2.6 Stealth
 * Level 2.2 Shields
 - Level 3.0 Spellcasting
 - Level 1.0 Conjurations
 - Level 1.0 Summonings
 - Level 1.0 Translocations


You had 2 spell levels left.
You knew the following spells:

 Your Spells              Type           Power        Failure   Level  Hunger
a - Magic Dart            Conj           #...         11%         1    None
b - Blink                 Tloc           N/A          16%         2    ##.....
c - Call Imp              Summ           #.......     16%         2    ##.....
d - Conjure Flame         Conj/Fire      #.......     36%         3    ###....

Your spell library contained the following spells:

 Spells                   Type           Power        Failure   Level  Hunger
 Slow                     Hex            #.......     24%         2    ##.....
 Mephitic Cloud           Conj/Pois/Air  #.......     38%         3    ###....


Dungeon Overview and Level Annotations

Branches:
Dungeon (4/15)
 Temple: D:4-7

Altars:
Gozag
Okawaru
Yredelemnul


Innate Abilities, Weirdness & Mutations

You cannot wear most types of armour.
You are very stealthy in the water. (Stealth+)
You are amphibious.
You can wear up to eight rings at the same time.
You can use your tentacles to constrict eight enemies at once.
Your skin changes colour to match your surroundings (Stealth+).
Your rubbery body absorbs attacks. (AC +1, EV +1)


Message History

The sky beast is heavily wounded.
The sky beast hits you. The sky beast shocks you.
You miss the sky beast.
The sky beast is heavily wounded.
The sky beast closely misses you.
You hit the sky beast.
The sky beast is severely wounded.
The sky beast hits you. The sky beast shocks you.
* * * LOW HITPOINT WARNING * * *
Okay, then.
Unknown command.
Unknown command.
The sky beast flickers out of sight!
Deactivating autopickup; reactivate with Ctrl-A.
A sky beast appears from thin air!
Reactivating autopickup.
The sky beast hits you.
* * * LOW HITPOINT WARNING * * *
The sky beast shocks you.
You die...

#....#.......# #....###.....#
#....# #.....# ####.#
###.####### #....# #.......#
#....# #.......# ########
#....## #.......### .......#
#....Y# #.........# .......#
#....@## #.###.....# .......#
#......# #.# #.....#
.......#####....#.###.# #.....#
................#..##'##########
...............................#
..............#................#
######........#..>.............#
#........#.............)..#
#........#................#


You could see a sky beast.

Vanquished Creatures
  A centaur zombie (D:3)
  A centaur skeleton (D:4)
  An orc wizard (D:4)
  3 adders
  An ooze (D:1)
  An adder skeleton (D:4)
  3 worms
  3 dart slugs
  3 leopard geckos
  2 orcs (D:4)
  2 ball pythons (D:1)
  4 giant cockroaches
  7 goblins
  5 hobgoblins
  5 jackals
  2 quokkas
  7 bats
  A frilled lizard (D:2)
  4 kobolds
  A quokka skeleton (D:4)
  9 rats
66 creatures vanquished.

Vanquished Creatures (others)
  4 toadstools (D:1)
4 creatures vanquished.

Grand Total: 70 creatures vanquished

Notes
Turn   | Place    | Note
-------+----------+-------------------------------------------
     0 | D:1      | Conn the Octopode Wizard began the quest for the Orb.
     0 | D:1      | Reached XP level 1. HP: 11/11 MP: 4/4
   165 | D:1      | Reached XP level 2. HP: 10/18 MP: 6/6
   288 | D:1      | Learned a level 2 spell: Blink
   291 | D:1      | Learned a level 2 spell: Call Imp
   398 | D:1      | Reached skill level 1 in Fighting
   399 | D:1      | Reached skill level 1 in Shields
   425 | D:1      | Reached skill level 1 in Polearms
   575 | D:1      | Reached XP level 3. HP: 19/23 MP: 7/7
  1025 | D:2      | Reached skill level 1 in Maces & Flails
  1138 | D:2      | Learned a level 3 spell: Conjure Flame
  1386 | D:2      | Found an iron altar of Okawaru.
  1454 | D:2      | Reached XP level 4. HP: 29/29 MP: 8/8
  1808 | D:2      | Found an opulent altar of Gozag.
  1846 | D:3      | Found a faded altar of an unknown god.
  2092 | D:3      | Reached XP level 5. HP: 10/34 MP: 9/9
  2478 | D:3      | Found a basalt altar of Yredelemnul.
  3037 | D:4      | Noticed a sky beast
  3057 | D:4      | Slain by a sky beast

Levels and vault maps discovered:
D:1:      lightli_iron_boxes, layout_loops_ring, st_stairs_2,
          minmay_gold_behind_fungi
D:2:      layout_loops_cross, overflow_temple_1_default,
          lemuel_coloured_pillars_altar
D:3:      layout_basic, lemuel_crystal_altar,
          chequers_ecumenical_altar_simple_redux, first_ration
D:4:      layout_basic, nicolae_overflow_crystal_walls, old_standard_altar

Skill      XL: |  1  2  3  4  5 |
---------------+----------------+-----
Fighting       | 1 2 |  2.3
Shields        | 1 2 |  2.2
Polearms       | 1 |  1.0
Maces & Flails | 1 2 3 |  3.7
Dodging        | |  2.0
Stealth        | |  2.6
Spellcasting   | |  3.0
Conjurations   | |  1.0
Summonings     | |  1.0
Translocations | |  1.0

Action                   |  1- 3 |  4- 6 || total
-------------------------+-------+-------++-------
Melee: Spear             |    21 |       ||    21
       Constrict         |    20 |    15 ||    35
       Tentacles         |     9 |    10 ||    19
       Mace              |    54 |    67 ||   121
 Stab: Sleeping          |    12 |     7 ||    19
  Eat: Chunk             |     2 |     3 ||     5
Armor: Skin              |     2 |     4 ||     6
Dodge: Dodged            |    40 |    50 ||    90
Block: Buckler           |    14 |    14 ||    28

Table legend:
 A = Non-vault XP
 B = Vault XP
 C = Vault XP percentage of total XP
 D = Non-vault monster count
 E = Vault monster count
 F = Vault count percentage of total count
                 A         B        C        D         E       F
            +---------+---------+-------+---------+---------+-------
      Total |     291 |       6 |   2.0 |      64 |       2 |   3.0
            +---------+---------+-------+---------+---------+-------
        D:1 |      42 |       6 |  12.5 |      21 |       2 |   8.7
        D:2 |      70 |       0 |   0.0 |      22 |       0 |   0.0
        D:3 |      85 |       0 |   0.0 |      14 |       0 |   0.0
        D:4 |      94 |       0 |   0.0 |       7 |       0 |   0.0
            +---------+---------+-------+---------+---------+-------
